 Dungeon Crawl Stone Soup version 0.27-a0-95-g5a9077b8ae (webtiles) character file.

Game seed: 8993325752401050576

1843 dickylongcocking the Martial Artist (level 9, -9/63 HPs)
             Began as an Octopode Monk on Jan 17, 2021.
             Was a Priest of Wu Jian.
             Mangled by a four-headed hydra (17 damage)
             ... on level 7 of the Dungeon.
             The game lasted 00:05:43 (5518 turns).

dickylongcocking the Martial Artist (Octopode Monk) Turns: 5518, Time: 00:05:44

Health: -9/63      AC:  1    Str: 16    XL:     9   Next: 12%
Magic:  9/9        EV: 14    Int: 14    God:    Wu Jian [***...]
Gold:   281        SH:  5    Dex: 16    Spells: 8/8 levels left

rFire    . . .     SeeInvis +     - Unarmed
rCold    . . .     Faith    .   m - +0 buckler
rNeg     . . .     Spirit   .   (helmet restricted)
rPois    .         Reflect  .   j - amulet of regeneration
rElec    .         Harm     .   k - ring of see invisible
rCorr    .         Rampage  .   r - +6 ring of strength
Will     .....                  (no ring)
Stlth    ++++......             (no ring)
HPRegen  0.60/turn              (no ring)
MPRegen  0.11/turn              (no ring)
                                (no ring)
                                (no ring)

@: serpent's lash
A: almost no armour, stealthy swim, amphibious, 8 rings, constrict 8, camouflage
1, gelatinous body 1
a: Renounce Religion, Wall Jump, Serpent's Lash


You were on level 7 of the Dungeon.
You worshipped Wu Jian.
Wu Jian was most pleased with you.
You visited 1 branch of the dungeon, and saw 7 of its levels.

You collected 281 gold pieces.

Inventory:

Armour
 m - a +0 buckler (worn)
Jewellery
 e - an uncursed amulet of guardian spirit
 j - an amulet of regeneration (around mantle)
 k - a ring of see invisible (left tentacle)
 q - an uncursed amulet of faith {unknown}
 r - a +6 ring of strength (right tentacle)
 u - an uncursed amulet of magic regeneration {unknown}
 y - an uncursed amulet of the acrobat {unknown}
Wands
 s - a wand of disintegration (4)
 w - a wand of random effects (17)
Scrolls
 b - 6 scrolls of amnesia
 c - 3 scrolls of teleportation
 d - 11 scrolls of identify
 f - 2 scrolls of remove curse
 h - 4 scrolls of immolation
 i - 3 scrolls of enchant weapon {unknown}
 o - 2 scrolls of noise {unknown}
 t - a scroll of enchant armour {unknown}
 v - a scroll of fear {unknown}
 z - a scroll of magic mapping
Potions
 a - 6 potions of attraction {unknown}
 g - a potion of curing
 l - 2 potions of mutation {unknown}
 n - a potion of haste {unknown}
 p - 2 potions of brilliance {unknown}
 x - a potion of might {unknown}
 A - a potion of experience {unknown}
 B - a potion of flight {unknown}
 C - a potion of lignification {unknown}


   Skills:
 * Level 6.8 Fighting
 - Level 3.0 Dodging
 + Level 6.8 Stealth
 - Level 4.0 Shields
 * Level 8.2 Unarmed Combat


You had 8 spell levels left.
You didn't know any spells.
Your spell library contained the following spells:

 Spells                   Type           Power        Failure   Level
 Shock                    Conj/Air       0%           28%         1
 Swiftness                Air            0%           41%         2
 Static Discharge         Conj/Air       0%           65%         3
 Airstrike                Air            0%           96%         4
 Lightning Bolt           Conj/Air       0%           100%        5


Dungeon Overview and Level Annotations

Branches:
Dungeon (7/15)             Temple (0/1) D:5

Altars:
Ashenzari
Dithmenos
Fedhas
Hepliaklqana
Nemelex Xobeh
Okawaru
Sif Muna
Wu Jian
Zin

Shops:
D:4 *   D:5 }   D:7 (


Innate Abilities, Weirdness & Mutations

You cannot wear most types of armour.
You are very stealthy in the water. (Stealth+)
You are amphibious.
You can wear up to eight rings at the same time.
You can use your tentacles to constrict eight enemies at once.
Your skin changes colour to match your surroundings (Stealth+).
Your rubbery body absorbs attacks. (AC +1, EV +1)


Message History

Unknown command.
You tentacle-slap the four-headed hydra but do no damage.
The four-headed hydra is moderately wounded.
The four-headed hydra bites you. The four-headed hydra bites you!
The four-headed hydra bites you but does no damage.
You block the four-headed hydra's attack.
Unknown command.
Unknown command.
You tentacle-slap the four-headed hydra.
You squeeze the four-headed hydra.
The four-headed hydra is heavily wounded.
Unknown command.
Unknown command.
You tentacle-slap the four-headed hydra but do no damage.
The four-headed hydra is heavily wounded.
The four-headed hydra barely misses you.
The four-headed hydra bites you! x2
* * * LOW HITPOINT WARNING * * *
The four-headed hydra bites you!
You die...

.........................###..>..
....####.#................##....#
....# #..#................)...#..
....###..#.####.....####..##.##..
.#..#.#....#(.##...##,,#.....#...
>#.........#...##.##,,,#.........
........<..##...#.#,,,##........#
........#...##lD#.#+,##..........
..###...#....###@..###..........#
..##....#........8...............
.###...##....###...###...........
............##,+#.#+,##....#....#
#..........##,,,#.#,,,##...###.##
......(....#,,,##.##,,,#....#,..#
...>.......#,,##...##,,#......,..
...##.#....####.....###*......,,,
....#.##.#..............,,...,,,,


You could see a four-headed hydra and a leopard gecko.

Vanquished Creatures
  The ghost of SkiChan the Conjurer, a novice DrCj (D:5)
  A sky beast (D:5)
  A phantom (D:6)
  A necrophage (D:6)
  3 ogres
  2 bullfrogs
  A wyvern skeleton (D:6)
  A howler monkey (D:5)
  A jelly (D:6)
  4 orc priests
  A bullfrog skeleton (D:7)
  2 hounds
  3 orc wizards
  A centaur skeleton (D:5)
  2 iguanas
  5 worker ants
  2 hound skeletons
  A howler monkey zombie (D:5)
  A howler monkey skeleton (D:5)
  6 gnolls
  8 adders
  2 shadow imps
  A white imp (D:5)
  An ufetubus (D:5)
  An ooze (D:7)
  An adder zombie (D:5)
  An adder skeleton (D:3)
  A worm (D:2)
  4 leopard geckos
  15 orcs
  7 bats
  A giant cockroach (D:3)
  6 goblins
  6 hobgoblins
  4 jackals (D:3)
  3 quokkas
  3 ball pythons
  3 frilled lizards
  A jackal skeleton (D:4)
  6 kobolds
  2 rats
117 creatures vanquished.

Vanquished Creatures (others)
  10 plants (D:3)
10 creatures vanquished.

Grand Total: 127 creatures vanquished

Notes
Turn   | Place    | Note
-------+----------+-------------------------------------------
     0 | D:1      | dickylongcocking the Octopode Monk began the quest for the
                  | Orb.
     0 | D:1      | Reached XP level 1. HP: 16/16 MP: 1/1
   260 | D:1      | Reached XP level 2. HP: 21/21 MP: 2/2
   549 | D:2      | Reached skill level 4 in Unarmed Combat
   549 | D:2      | Reached XP level 3. HP: 18/26 MP: 1/3
   679 | D:2      | Reached XP level 4. HP: 21/31 MP: 1/4
   867 | D:2      | Reached skill level 5 in Unarmed Combat
  1259 | D:2      | Found a shadowy altar of Dithmenos.
  1259 | D:2      | Found a broken altar of Ashenzari.
  1261 | D:2      | Found a shimmering blue altar of Sif Muna.
  1374 | D:2      | Found a glowing silver altar of Zin.
  1750 | D:3      | Reached XP level 5. HP: 32/36 MP: 5/5
  1763 | D:3      | Reached skill level 1 in Shields
  2264 | D:3      | Found an ornate altar of the Wu Jian Council.
  2276 | D:3      | Became a worshipper of the Wu Jian Council
  2276 | D:3      | Reached * piety under Wu Jian
  2276 | D:3      | Reached ** piety under Wu Jian
  3018 | D:4      | Reached XP level 6. HP: 43/43 MP: 6/6
  3064 | D:4      | Found a blossoming altar of Fedhas.
  3099 | D:4      | Found a hazy altar of Hepliaklqana.
  3263 | D:4      | Found an iron altar of Okawaru.
  3301 | D:4      | Found Xenemiem's General Store.
  3439 | D:5      | Entered Level 5 of the Dungeon
  3477 | D:5      | Found a staircase to the Ecumenical Temple.
  3503 | D:5      | Noticed a sky beast
  3527 | D:5      | Killed a sky beast
  3553 | D:5      | Reached XP level 7. HP: 12/48 MP: 7/7
  3733 | D:5      | Reached skill level 6 in Unarmed Combat
  3823 | D:5      | You fall into a shaft and drop 2 floors!
  3977 | D:6      | Reached *** piety under Wu Jian
  3978 | D:6      | Reached skill level 5 in Fighting
  3978 | D:6      | Reached skill level 5 in Stealth
  3985 | D:5      | Found Osooc's Gadget Shoppe.
  4135 | D:5      | Reached XP level 8. HP: 33/55 MP: 8/8
  4220 | D:5      | Found a runed translucent gate.
  4221 | D:5      | Found a runed translucent gate.
  4222 | D:5      | Found a runed translucent gate.
  4328 | D:5      | Noticed SkiChan's ghost (novice DrCj)
  4677 | D:5      | Killed SkiChan's ghost
  4678 | D:5      | Reached skill level 7 in Unarmed Combat
  5254 | D:7      | Reached XP level 9. HP: 63/63 MP: 9/9
  5258 | D:7      | Reached skill level 8 in Unarmed Combat
  5404 | D:7      | Found a sparkling altar of Nemelex Xobeh.
  5440 | D:7      | Found Vointeus's Weapon Boutique.
  5511 | D:7      | Noticed a four-headed hydra
  5518 | D:7      | Mangled by a four-headed hydra

Illustrated notes

Levels and vault maps discovered:
D:1:      giann_forest_graveyard, layout_basic
D:2:      layout_loops_ring, nicolae_overflow_hidden_temple
D:3:      layout_basic, old_standard_altar, serial_forest,
          infiniplex_forest_corner_1, infiniplex_forest_pool,
          infiniplex_forest_clump_curved, infiniplex_forest_straight_2,
          infiniplex_forest_join, infiniplex_forest_clump_C,
          infiniplex_forest_corner_1, infiniplex_forest_3_way
D:4:      layout_rooms, nzn_hepliaklqana_mist_gate, old_standard_altar,
          lemuel_doored_altar, serial_shops, nicolae_shop_trees,
          serial_bayou_pond_c
D:5:      layout_basic, minmay_temple_entry_glassed_door,
          ebering_ghost_rock_garden, serial_shops, nicolae_shop_trees
D:6:      layout_cave_pools, minivault_4
D:7:      cheibrodos_barr_body, layout_cave_pools,
          nemelex_xobeh_ov_fountains_minmay, serial_shops, shop,
          uniq_crazy_yiuf_cottage

Skill      XL: |  1  2  3  4  5  6  7  8  9 |
---------------+----------------------------+-----
Unarmed Combat | 4 5 6 7 8 |  8.2
Stealth        | 3 4 5 6 |  6.8
Shields        | 1 2 3 4 |  4.0
Fighting       | 4 5 6 |  6.8
Dodging        | |  3.0

Action                   |  1- 3 |  4- 6 |  7- 9 || total
-------------------------+-------+-------+-------++-------
Melee: Unarmed           |    44 |   128 |   147 ||   319
       Constrict         |    17 |    40 |    31 ||    88
       Tentacles         |    12 |    30 |    37 ||    79
       Punch             |     2 |     5 |    13 ||    20
Invok: Lunge             |       |     7 |    11 ||    18
       Whirlwind         |       |    14 |    26 ||    40
       Serpent's Lash    |       |       |     1 ||     1
Evoke: Wand              |       |       |     7 ||     7
  Use: Potion            |       |     1 |     1 ||     2
       Scroll            |       |       |     7 ||     7
 Stab: Sleeping          |     3 |    15 |    13 ||    31
       Distracted        |     1 |       |     1 ||     2
Armor: Skin              |     3 |     6 |     4 ||    13
Dodge: Dodged            |    31 |    51 |    60 ||   142
Block: Buckler           |       |     7 |    20 ||    27

Table legend: (Time is in decaauts)
 A = Elapsed time spent in this place.
 B = Non-inter-level travel time spent in this place.
 C = Inter-level travel time spent in this place.
 D = Time resting spent in this place.
 E = Time spent auto-exploring this place.
 F = Levels seen in this place.
 G = Mean time per level.
                   A        B        C        D        E       F      G
               +--------+--------+--------+--------+--------+-----+--------+
         Total |   5494 |   5320 |    174 |    155 |   4262 |   7 |  784.9 |
       Dungeon |   5494 |   5320 |    174 |    155 |   4262 |   7 |  784.9 |
               +--------+--------+--------+--------+--------+-----+--------+

Top non-repeatable levels by time:
     D:3: 1351 daAuts
     D:5: 1102 daAuts
     D:2: 1075 daAuts
     D:1: 535 daAuts
     D:6: 534 daAuts
     D:4: 511 daAuts
     D:7: 383 daAuts
